 Dungeon Crawl Stone Soup version 0.24.0-125-gc4c63601f3 (webtiles) character file.

Game seed: 8061185255615418300, levelgen mode: deterministic

144 Defined the Cudgeler (level 5, 0/33 HPs)
             Began as a Gargoyle Berserker on Feb 23, 2020.
             Was a Believer of Trog.
             Slain by a gnoll
             ... wielding a +0 halberd
              (16 damage)
             ... on level 4 of the Dungeon.
             The game lasted 00:06:20 (2765 turns).

Defined the Cudgeler (Gargoyle Berserker)           Turns: 2765, Time: 00:06:21

Health: 0/33       AC:  9    Str: 22    XL:     5   Next: 27%
Magic:  5/5        EV: 12    Int:  7    God:    Trog [**....]
Gold:   67         SH:  5    Dex:  9    Spells: 4/4 levels left

rFire    . . .     SeeInvis .   a - +0 mace
rCold    + . .     Gourm    .   (no shield)
rNeg     + . .     Faith    .   j - +1 leather armour {rF+}
rPois    ∞         Spirit   .   h - +0 helmet
rElec    +         Reflect  +   (no cloak)
rCorr    .         Harm     .   (no gloves)
MR       .....                  (no boots)
Stlth    +.........             d - +5 amulet of reflection
HPRegen  0.11/turn              q - ring of ice
MPRegen  0.09/turn              (no ring)

@: no status effects
A: negative energy resistance 1, electricity resistance, unbreathing,
petrification resistance, rot immunity, AC +4
a: Berserk, Trog's Hand, Renounce Religion


You were on level 4 of the Dungeon.
You worshipped Trog.
Trog was pleased with you.
You were not hungry.

You visited 1 branch of the dungeon, and saw 4 of its levels.

You collected 67 gold pieces.

Inventory:

Hand Weapons
 a - a +0 mace (weapon)
Missiles
 l - 3 boomerangs (quivered)
Armour
 h - a +0 helmet (worn)
 j - a +1 leather armour of fire resistance (worn)
Jewellery
 d - a +5 amulet of reflection (around neck)
 q - a ring of ice (left hand)
Scrolls
 b - a scroll of random uselessness {unknown}
 f - a scroll of remove curse {unknown}
 g - a scroll of immolation {unknown}
 m - a scroll of magic mapping {unknown}
 n - 4 scrolls of identify {unknown}
 p - a scroll of enchant weapon {unknown}
Potions
 e - a potion of brilliance {unknown}
 k - a potion of heal wounds {unknown}
 o - a potion of cancellation {unknown}
Comestibles
 c - 7 rations


   Skills:
 + Level 4.0 Fighting
 + Level 4.7 Maces & Flails
 + Level 2.6 Armour
 + Level 2.0 Dodging
 + Level 1.0 Stealth


You had 4 spell levels left.
You didn't know any spells.
Your spell library was empty.

Dungeon Overview and Level Annotations

Branches:
Dungeon (4/15)
 Temple: D:4-7

Altars:
Ashenzari
Dithmenos
Nemelex Xobeh


Innate Abilities, Weirdness & Mutations

You are resistant to torment.
Your stone body is resilient. (AC +4)
You are immune to poison.
You resist negative energy. (rN+)
You are resistant to electric shocks. (rElec)
You can survive without breathing.
You are immune to petrification.
You are immune to rotting.


Message History

The gnoll closely misses you.
You hit the gnoll but do no damage.
The gnoll is heavily wounded.
The gnoll barely misses you.
You hit the gnoll.
The gnoll is severely wounded.
You block the gnoll's attack.
You hit the gnoll but do no damage.
The gnoll is severely wounded.
You block the gnoll's attack.
You completely miss the gnoll.
The gnoll is severely wounded.
The gnoll hits you with a +0 halberd!
You barely miss the gnoll.
The gnoll is severely wounded.
The gnoll hits you with a +0 halberd!
You hit the gnoll but do no damage.
The gnoll is severely wounded.
The gnoll hits you with a +0 halberd!
You die...

..#..
.#..##
.# ....#
.# #.#.#
.#
#.#.##.#
#......#
#.....#
#...@g#
#.....#
#.....#
#######


You could see a gnoll.

Vanquished Creatures
  5 gnolls
  3 adders (D:2)
  A worm (D:4)
  A dart slug (D:1)
  4 leopard geckos
  6 bats
  4 giant cockroaches
  12 goblins
  6 hobgoblins
  2 kobolds (D:1)
  3 quokkas
  2 ball pythons (D:2)
  2 frilled lizards
  6 rats
57 creatures vanquished.

Vanquished Creatures (others)
  A goblin (D:2)
1 creature vanquished.

Grand Total: 58 creatures vanquished

Notes
Turn   | Place    | Note
-------+----------+-------------------------------------------
     0 | D:1      | Defined the Gargoyle Berserker began the quest for the Orb.
     0 | D:1      | Reached XP level 1. HP: 14/14 MP: 1/1
    61 | D:1      | Reached XP level 2. HP: 10/19 MP: 2/2
   522 | D:1      | Reached XP level 3. HP: 24/24 MP: 3/3
   590 | D:1      | Reached ** piety under Trog
   616 | D:1      | Found a shattered altar of Ashenzari.
  1035 | D:2      | Found a sparkling altar of Nemelex Xobeh.
  1131 | D:2      | Reached XP level 4. HP: 21/29 MP: 4/4
  1555 | D:2      | Found a shadowy altar of Dithmenos.
  2271 | D:3      | Reached XP level 5. HP: 24/33 MP: 5/5
  2493 | D:4      | Reached skill level 1 in Stealth
  2765 | D:4      | Slain by a gnoll

Levels and vault maps discovered:
D:1:      tarquinn_simple_flora_water_c, layout_basic, evilmike_ruin_ashenzari
D:2:      layout_loops_corners, nemelex_xobeh_ov_fountains_minmay,
          nicolae_dithmenos_through_a_glass_darkly
D:3:      layout_rooms, chequers_ecumenical_altar_island, first_ration,
          chequers_jeans, elyvilon_altar_3
D:4:      minmay_evil_eye, layout_loops_cross

Skill      XL: |  1  2  3  4  5 |
---------------+----------------+-----
Maces & Flails | 4 |  4.7
Fighting       | 4 |  4.0
Dodging        | 2 |  2.0
Stealth        | 1 |  1.0
Armour         | |  2.6

Action                   |  1- 3 |  4- 6 || total
-------------------------+-------+-------++-------
Melee: Mace              |    95 |   148 ||   243
Throw: Boomerang         |       |     1 ||     1
Invok: Trog's Hand       |       |     1 ||     1
 Stab: Sleeping          |       |     1 ||     1
  Eat: Chunk             |     1 |     3 ||     4
       Ration            |       |     1 ||     1
Armor: Animal skin       |    10 |       ||    10
       Robe              |    12 |       ||    12
       Leather armour    |     8 |    57 ||    65
Dodge: Dodged            |    52 |   130 ||   182
Block: Other             |    18 |    52 ||    70
       Reflection        |       |     1 ||     1
